Map: Acropolis LE

Players

kevin - Winner!

  • Race: Terran Terran
  • League: Master
  • Spawn Location: 11:00

Mez

  • Race: Terran Terran
  • League: Master
  • Spawn Location: 5:00

VOD

Have the link to the VOD?

Description

Time

  • Played on: July 28, 2019, 5:58 p.m.
  • Length: 7:30
Show
View Real Time Build Order
Export as new Build Order

kevin Terran - Winner!

Build Orders:  

Get SALT Encoding   

  12  0:00  SCV  
  13  0:12  SCV  
  14  0:17  Supply Depot  
  14  0:24  SCV  
  15  0:29  Refinery  
  15  0:39  SCV  
  16  0:46  Barracks  
  16  0:51  SCV  
  17  0:57  Refinery  
  17  1:03  SCV  
  18  1:15  SCV  
  19  1:32  Orbital Command  
  19  1:33  Reaper  
  19  1:36  Factory  
  20  1:53  Supply Depot  
  20  1:59  SCV  
  21  2:07  Reaper  
  22  2:13  SCV  
  23  2:21  Hellion  
  25  2:25  SCV  
  26  2:40  Command Center  
  26  2:42  SCV  
  27  2:46  Barracks Tech Lab  
  27  2:52  Starport  
  27  2:54  SCV  
  27  2:56  Hellion  
  30  3:02  Supply Depot  
  30  3:07  SCV  
  31  3:22  Barracks Tech Lab  
  31  3:24  SCV  
  32  3:27  Cyclone  
  35  3:36  SCV  
  36  3:48  SCV  
  36  3:50  Barracks Reactor  
  36  3:51  Raven  
  36  3:54  Orbital Command  
  39  3:59  Siege Tank  
  39  4:00  SCV  
  39  4:01  Supply Depot  
  43  4:11  Refinery  
  43  4:12  SCV  
  44  4:20  Supply Depot  
  44  4:22  SCV  
  45  4:25  SCV  
  45  4:26  Barracks  
  45  4:28  Marine, Barracks  
  45  4:30  Marine  
  48  4:34  SCV  
  48  4:36  Raven  
  51  4:40  SCV  
  52  4:48  Supply Depot  
  52  4:57  Marine x2  
  54  5:11  Supply Depot  
  54  5:12  Siege Tank, Supply Depot  
  57  5:15  Marine x2  
  57  5:16  Marine  
  57  5:17  Marine  
  61  5:34  Marine x2  
  63  5:42  Viking x2  
  67  5:44  Siege Tank  
  67  5:49  Marine  
  71  5:52  SCV, Marine  
  71  5:55  SCV, Command Center  
  74  5:57  Refinery  
  73  6:04  SCV  
  73  6:06  Marine  
  73  6:07  Marine  
  73  6:11  SCV  
  77  6:14  Viking x2  
  77  6:16  SCV  
  82  6:22  Marine  
  82  6:24  Marine  
  84  6:27  Engineering Bay  
  84  6:29  Engineering Bay  
  84  6:32  Marine  
  85  6:40  Marine  
  85  6:42  Marine  
  81  6:50  Marine  
  81  6:58  Marine  
  81  7:00  Marine  
  83  7:08  Marine  
Show
View Real Time Build Order
Export as new Build Order

Mez Terran 

Build Orders: Reaper Expand 

Get SALT Encoding   

  12  0:01  SCV  
  13  0:13  SCV  
  14  0:17  Supply Depot  
  14  0:25  SCV  
  15  0:39  SCV  
  15  0:42  Barracks  
  16  0:47  Refinery  
  16  0:51  SCV  
  17  1:03  SCV  
  18  1:17  SCV  
  19  1:30  Orbital Command  
  19  1:32  Reaper  
  20  1:44  Command Center  
  20  1:56  Barracks  
  20  1:59  SCV  
  21  2:04  Barracks Reactor  
  21  2:11  Barracks  
  21  2:16  SCV  
  21  2:20  Supply Depot  
  22  2:28  SCV  
  23  2:42  SCV, Marine x2  
  26  2:45  Barracks Tech Lab  
  26  2:54  SCV  
  26  2:56  Orbital Command  
  27  2:59  Marine  
  27  3:01  Marine x2  
  27  3:04  Marine, Combat Shield  
  31  3:07  SCV  
  32  3:17  Supply Depot  
  32  3:19  Marine x2  
  32  3:20  Marine  
  32  3:21  SCV  
  32  3:22  Marine  
  32  3:24  SCV  
  38  3:27  Engineering Bay  
  38  3:34  SCV  
  38  3:36  SCV  
  38  3:39  Marine x3  
  43  3:43  Marine  
  43  3:46  SCV  
  43  3:48  SCV, Supply Depot  
  45  3:54  Terran Infantry Weapons Level 1  
  46  3:59  SCV  
  46  4:01  SCV  
  48  4:02  Marine  
  48  4:03  Marine x3  
  52  4:11  SCV  
  52  4:15  Factory, Refinery  
  52  4:16  Refinery, SCV  
  54  4:23  SCV  
  55  4:27  Marine x4  
  55  4:28  SCV  
  55  4:31  Supply Depot  
  60  4:33  Supply Depot  
  60  4:35  SCV  
  61  4:44  Marine  
  59  4:56  Marine x3  
  60  5:00  SCV  
  60  5:07  Marine  
  60  5:09  Stimpack  
  60  5:10  Factory Reactor  
  60  5:11  Starport  
  61  5:14  Marine  
  61  5:15  Command Center  
  62  5:28  SCV x2  
  64  5:34  Marine x3  
  66  5:40  SCV x2  
  66  5:42  Barracks x2  
  68  5:44  Supply Depot  
  68  5:46  Supply Depot  
  67  5:52  SCV x2  
  67  5:56  Barracks Reactor  
  68  6:04  SCV x2  
  68  6:07  Marine x3  
  68  6:08  Medivac  
  68  6:09  Medivac  
  76  6:16  SCV x2  
  76  6:18  Supply Depot  
  78  6:19  Supply Depot  
  78  6:22  Refinery  
  78  6:28  SCV x2  
  79  6:34  Barracks Reactor x2  
  79  6:35  Marine x5  
  84  6:40  SCV x2, Medivac x2  
  89  6:47  Supply Depot  
  89  6:49  Supply Depot  
  89  6:51  Command Center  
  89  6:52  SCV  
  89  6:53  SCV, Orbital Command  
  88  6:57  Marine  
  88  6:58  Marine x3  
  92  7:05  SCV x2  
  84  7:17  SCV  
Tags
 
Add a new tag
Caveats
  • Supply blocks, unpowered buildings, or Contaminate may cause inaccurate times.
  • Supply counts are checked every 10 seconds.